 Dungeon Crawl Stone Soup version 0.29.1-1-gd02db6906a (webtiles) character file.

Game seed: 8537248616555807771

247 RKaid the Shooter (level 5, 0/32 HPs)
             Began as a Deep Elf Hunter on Sept 18, 2022.
             Slain by a black bear (5 damage)
             ... on level 3 of the Dungeon.
             The game lasted 00:06:20 (3083 turns).

RKaid the Shooter (Deep Elf Hunter)                 Turns: 3083, Time: 00:06:21

Health: 0/32       AC:  3    Str:  8    XL:     5   Next: 85%
Magic:  7/7        EV: 13    Int: 14    God:
Gold:   116        SH:  0    Dex: 20    Spells: 4/4 levels left

rFire   + . .      SeeInvis .   a - +0 shortbow
rCold   . . .      Faith    .   (shield currently unavailable)
rNeg    . . .      Spirit   .   c - +0 leather armour
rPois   .          Reflect  .   (no helmet)
rElec   .          Harm     .   k - scarf {repulsion}
rCorr   +          Rampage  .   (no gloves)
Will    .....                   (no boots)
Stlth   ++........              (no amulet)
HPRegen 0.10/turn               m - ring of protection from fire {rF+}
MPRegen 0.10/turn               f - ring of resist corrosion

@: repel missiles
A: no striking features
a: no special abilities


You were on level 3 of the Dungeon.
You visited 1 branch of the dungeon, and saw 4 of its levels.

You collected 116 gold pieces.

Inventory:

Hand Weapons
 a - a +0 shortbow (weapon)
Armour
 c - a +0 leather armour (worn)
 i - a +0 ring mail
   (You found it on level 2 of the Dungeon)
 k - a scarf of repulsion (worn)
   (You found it on level 2 of the Dungeon)
Jewellery
 f - a ring of resist corrosion (right hand)
   (You found it on level 3 of the Dungeon)
 m - a ring of protection from fire (left hand) {rF+}
   (You found it on level 3 of the Dungeon)
 o - the amulet "Ruigy" {Spirit Rampage rPois Dex-5}
   (You found it on level 3 of the Dungeon)

   [amulet of guardian spirit]

   It causes incoming damage to be divided between your reserves of health and
   magic.
   Dex:       It affects your dexterity (-5).
   rPois:     It protects you from poison.
   Rampage:   It bestows one free step when moving towards enemies.
Scrolls
 b - a scroll of immolation {!r}
 d - 2 scrolls of identify {unknown}
 e - a scroll of summoning {unknown}
 g - 3 scrolls of enchant weapon {unknown}
 j - a scroll of noise {unknown}
 l - a scroll of fog {unknown}
 n - 2 scrolls of teleportation {unknown}
Potions
 h - 2 potions of heal wounds


   Skills:
 + Level 2.8 Fighting
 * Level 7.7 Ranged Weapons
 + Level 4.1 Dodging
 - Level 1.2 Stealth


You had 4 spell levels left.
You didn't know any spells.
Your spell library contained the following spells:

 Spells                   Type           Power      Damage    Failure   Level
 Poisonous Vapours        Pois/Air       0%         N/A       54%         2
 Gell's Gravitas          Tloc           0%         N/A       77%         3
 Lesser Beckoning         Tloc           0%         N/A       77%         3
 Teleport Other           Tloc           0%         N/A       77%         3
 Corpse Rot               Necr/Pois/Air  0%         N/A       99%         4
 Conjure Ball Lightning   Conj/Air       0%         3x3d6     100%        6
 Discord                  Hex            0%         N/A       100%        8
 Disjunction              Tloc           0%         N/A       100%        8


Dungeon Overview and Level Annotations

Branches:
Dungeon (4/15)
 Temple: D:4-7

Altars:
Cheibriados


Message History

You climb upwards.
There is a stone staircase leading down here.
You shoot an arrow. The arrow barely misses the hound.
The hound bites you but does no damage. The hound bites you.
The hound closely misses you. The hound bites you.
You shoot an arrow. The arrow hits the hound!
You kill the hound!
The hound barely misses you. x2
Your Dodging skill increases to level 4!
You shoot an arrow. The arrow completely misses the hound.
The hound barely misses you.
You shoot an arrow. The arrow closely misses the hound.
The hound completely misses you. The hound bites you.
You shoot an arrow. The arrow hits the hound!
The hound barely misses you. x2
You shoot an arrow. The arrow misses the hound.
The hound bites you. x2
You shoot an arrow. The arrow misses the hound.
The hound bites you but does no damage. x2
You shoot an arrow. The arrow misses the hound.
The hound misses you.
You shoot an arrow. The arrow hits the hound.
The hound bites you. x2
You are too injured to fight recklessly!
You are too injured to fight recklessly!
You are too injured to fight recklessly!
You are too injured to fight recklessly!
You are too injured to fight recklessly!
You are too injured to fight recklessly!
You are too injured to fight recklessly!
Fire: a) +0 shortbow
Press: ? - help, Q - select action Shift-Dir - straight line, f/p - hound
Aim: a hound (almost dead, 57% to hit)
You shoot an arrow.
The arrow hits the hound but does no damage.
The hound bites you.
* * * LOW HITPOINT WARNING * * *
The hound closely misses you.
Fire: a) +0 shortbow
Press: ? - help, Q - select action Shift-Dir - straight line, f/p - hound
Aim: a hound (almost dead, 57% to hit)
You shoot an arrow. The arrow hits the hound.
You kill the hound!
You start resting.
You climb downwards.
The orc completely misses you. The orc closely misses you.
There is a stone staircase leading up, spattered with blood here.
You shoot an arrow. The hobgoblin shouts!
The arrow hits the orc!
You kill the orc!
An adder comes into view.
You shoot an arrow. The adder hisses angrily.
The arrow hits the adder.
You shoot an arrow. The arrow barely misses the adder.
You shoot an arrow. The arrow hits the adder.
You shoot an arrow. The arrow hits the hobgoblin.
You kill the hobgoblin!
You shoot an arrow. The arrow hits the adder!
You kill the adder!
No target in view!
Things that are here:
a +0 whip; an orc corpse You see here a hobgoblin corpse.
Fire: a) +0 shortbow
Press: ? - help, Q - select action Shift-Dir - straight line You shoot an arrow.
A black bear comes into view.
The black bear growls angrily.
Found a stone staircase leading down.
Things that are here:
a +0 whip; an orc corpse
There is a stone staircase leading up, spattered with blood here.
You shoot an arrow.
The arrow hits the black bear but does no damage.
You shoot an arrow.
The arrow hits the black bear but does no damage.
A goblin comes into view. It is wielding a +0 club.
You shoot an arrow. The goblin shouts!
The arrow hits the black bear.
You shoot an arrow. The arrow barely misses the black bear.
The black bear closely misses you. The black bear claws you. x2
You climb upwards.
There is a stone staircase leading down, spattered with blood here.
You shoot an arrow. The arrow hits the black bear.
The black bear bites you. The black bear claws you.
The black bear barely misses you.
You shoot an arrow. The arrow hits the black bear!
The black bear goes berserk!
You shoot an arrow. The arrow hits the black bear.
The black bear barely misses you. The black bear closely misses you.
The black bear barely misses you. The black bear bites you!
The black bear barely misses you.
The black bear claws you but does no damage.
You are too injured to fight recklessly!
Unknown command.
Fire: a) +0 shortbow
Press: ? - help, Q - select action Shift-Dir - straight line, f/p - black bear
Aim: a black bear (almost dead, berserk, 72% to hit)
You shoot an arrow. The arrow hits the black bear.
The black bear misses you. The black bear closely misses you.
The black bear claws you.
* * * LOW HITPOINT WARNING * * *
The black bear closely misses you. The black bear claws you.
You die...

#.##.[......#
♣♣....♣
#.#######.###
♣♣♣...♣♣ #.# #.##
♣♣†..♣♣♣ #.# #..#
♣♣.♣♣.♣ #.# ####
♣.♣♣♣♣♣ # #.# ####
♣♣.♣ # #.# #..#
♣.♣♣ # #.# #.##
♣♣.♣ # #.# #@#
♣.♣♣ ♣♣♣♣♣♣ #
##.## #h# ♣♣.♣
♣♣...♣♣
########...# #.#
♣.♣♣ ♣♣.♣♣.♣.
#..........#####.#
♣.♣ ♣.♣♣♣♣.♣
......##.........#
♣.♣♣♣♣.♣ ♣♣♣
#.###.####.#######
♣...♣♣.♣ ♣ #.# #.#
#.# ♣♣.....♣♣ #.#
#.# #.# ♣♣.....♣
#.# #.# #.#
♣...♣÷♣


You could see a black bear (berserk).

Vanquished Creatures
  2 hounds (D:3)
  2 orc wizards (D:3)
  6 adders
  3 worms
  A dart slug (D:2)
  4 orcs
  6 bats
  6 endoplasms
  3 giant cockroaches
  7 goblins
  6 hobgoblins
  4 jackals (D:2)
  4 quokkas
  5 ball pythons
  A frilled lizard (D:2)
  9 kobolds
  3 rats
72 creatures vanquished.

Notes
Turn   | Place    | Note
-------+----------+-------------------------------------------
     0 | D:1      | RKaid the Deep Elf Hunter began the quest for the Orb.
     0 | D:1      | Reached XP level 1. HP: 12/12 MP: 3/3
    87 | D:1      | Reached XP level 2. HP: 17/17 MP: 4/4
   535 | D:2      | Reached skill level 2 in Fighting
   535 | D:2      | Reached skill level 6 in Ranged Weapons
   535 | D:2      | Reached skill level 3 in Dodging
   535 | D:2      | Reached XP level 3. HP: 12/21 MP: 5/5
   803 | D:2      | Found a faded altar of an unknown god.
  1052 | D:2      | HP: 5/21 [adder (3)]
  1337 | D:2      | Reached XP level 4. HP: 22/26 MP: 6/6
  2201 | D:3      | Reached skill level 7 in Ranged Weapons
  2201 | D:3      | Reached XP level 5. HP: 22/31 MP: 7/7
  2372 | D:3      | Identified the amulet "Ruigy" {Spirit Rampage rPois Dex-5}
  2409 | D:3      | Found a snail-covered altar of Cheibriados.
  2622 | D:4      | Noticed an ogre
  2800 | D:3      | Reached skill level 4 in Dodging
  3068 | D:4      | Noticed a black bear
  3083 | D:3      | HP: 5/32 [black bear (6)]
  3083 | D:3      | Slain by a black bear

Illustrated notes

Levels and vault maps discovered:
D:1:      scummos_arrival_star, layout_rooms, chequers_mini_garden,
          serial_bayou_crossing
D:2:      layout_basic, shapermc_ecumenical_altar_petra
D:3:      kb_forest_paths, layout_loops_ring, cheibriados_altar_1,
          item_on_display_b
D:4:      layout_cave_pools

Skill      XL: |  1  2  3  4  5 |
---------------+----------------+-----
Fighting       | 2 |  2.8
Ranged Weapons | 6 7 |  7.7
Dodging        | 3 4 |  4.1
Stealth        | |  1.2

Action                   |  1- 3 |  4- 6 || total
-------------------------+-------+-------++-------
 Fire: Shortbow          |   120 |   119 ||   239
  Use: Potion            |     1 |     1 ||     2
Armor: Leather armour    |     5 |    10 ||    15
       Ring mail         |    12 |       ||    12
Dodge: Dodged            |    30 |    47 ||    77

Table legend: (Time is in decaauts)
 A = Elapsed time spent in this place.
 B = Non-inter-level travel time spent in this place.
 C = Inter-level travel time spent in this place.
 D = Time resting spent in this place.
 E = Time spent auto-exploring this place.
 F = Levels seen in this place.
 G = Mean time per level.
                   A        B        C        D        E       F      G
               +--------+--------+--------+--------+--------+-----+--------+
         Total |   3153 |   3010 |    143 |    767 |   1629 |   4 |  788.2 |
       Dungeon |   3153 |   3010 |    143 |    767 |   1629 |   4 |  788.2 |
               +--------+--------+--------+--------+--------+-----+--------+

Top non-repeatable levels by time:
     D:2: 1473 daAuts
     D:3: 1030 daAuts
     D:1: 543 daAuts
     D:4: 105 daAuts

Table legend:
 A = Kills in this place as a percentage of kills in entire the game.
 B = Kills by you in this place as a percentage of kills by you in the entire game.
 C = Kills by friends in this place as a percentage of kills by friends in the entire game.
 D = Other kills in this place as a percentage of other kills in the entire game.
 E = Experience gained in this place as a percentage of experience gained in the entire game.
 F = Experience gained in this place divided by the number of levels of this place that you have seen.
                   A       B       C       D       E      F
               +-------+-------+-------+-------+-------+----------------------
         Total | 100.0 | 100.0 |   N/A |   N/A | 100.0 |  88.5
       Dungeon | 100.0 | 100.0 |   N/A |   N/A | 100.0 |  88.5
               +-------+-------+-------+-------+-------+----------------------
